 Dungeon Crawl Stone Soup version 0.23-a0-701-gd76f34b (webtiles) character file.

131 George the Slasher (level 4, -14/39 HPs)
             Began as a Minotaur Fighter on Jan 12, 2019.
             Demolished by an ogre
             ... wielding a +0 giant club
              (16 damage)
             ... on level 3 of the Dungeon.
             The game lasted 00:02:00 (1700 turns).

George the Slasher (Minotaur Fighter)               Turns: 1700, Time: 00:02:01

Health: -14/39     AC:  9    Str: 22    XL:     4   Next: 91%
Magic:  3/3        EV:  7    Int:  5    God:
Gold:   92         SH:  9    Dex:  9    Spells: 3/3 levels left

rFire    . . .     SeeInvis .   a - +0 long sword
rCold    . . .     Gourm    .   c - +0 shield
rNeg     . . .     Faith    .   b - +0 scale mail
rPois    .         Spirit   .   (helmet restricted)
rElec    .         Reflect  .   e - +1 cloak
rCorr    .         Harm     .   (no gloves)
MR       .....                  (no boots)
Stlth    ..........             (no amulet)
HPRegen  0.13/turn              (no ring)
MPRegen  0.08/turn              (no ring)

@: no status effects
A: retaliatory headbutt, horns 2
a: no special abilities


You were on level 3 of the Dungeon.
You were hungry.

You visited 1 branch of the dungeon, and saw 3 of its levels.

You collected 92 gold pieces.

Inventory:

Hand Weapons
 a - a +0 long sword (weapon)
Armour
 b - a +0 scale mail (worn)
 c - a +0 shield (worn)
 e - a +1 cloak (worn)
 o - a scarf of cloud immunity
Scrolls
 g - 3 scrolls of identify {unknown}
 h - 2 scrolls of teleportation {unknown}
 j - 3 scrolls of remove curse {unknown}
 k - 2 scrolls of amnesia {unknown}
 n - a scroll of enchant armour {unknown}
 p - a scroll of enchant weapon {unknown}
 r - a scroll of fog {unknown}
Potions
 d - a potion of might
 i - 2 potions of curing {unknown}
 l - a potion of flight {unknown}
 m - 2 potions of heal wounds {unknown}
Comestibles
 f - 4 rations


   Skills:
 - Level 3.6 Fighting
 + Level 6.2 Long Blades
 - Level 3.6 Armour
 - Level 3.6 Shields


You had 3 spell levels left.
You didn't know any spells.
Your spell library was empty.

Dungeon Overview and Level Annotations

Branches:
Dungeon (3/15)

Altars:
Fedhas
Xom
Zin


Innate Abilities, Weirdness & Mutations

You reflexively headbutt those who attack you in melee.
You have a pair of horns on your head.


Message History

a +0 trident; a +0 ring mail
Items here: ))) [ ††
There is a stone staircase leading up here.
You climb upwards.
There is a stone staircase leading down here.
You start resting.
You are feeling hungry.
You start resting.
HP restored.
You climb downwards.
The ogre hits you with a +0 giant club!
There is a stone staircase leading up, spattered with blood here.
You hit the ogre.
The ogre is lightly wounded.
The ogre hits you with a +0 giant club!!
Ouch! That really hurt!
* * * LOW HITPOINT WARNING * * *
You hit the ogre. You headbutt the ogre.
The ogre is lightly wounded.
The ogre hits you with a +0 giant club!
You die...

### #@# #O#
#.# #.#
.#####.###
#.........#
#########.#
##O########
#.).......###


You could see an ogre.

Vanquished Creatures
  Natasha (D:3)
  A gnoll (D:1)
  4 adders (D:2)
  An ooze (D:1)
  A dart slug (D:1)
  2 leopard geckos
  4 orcs (D:3)
  A giant cockroach (D:1)
  11 goblins
  6 hobgoblins
  A quokka (D:2)
  5 bats
  2 frilled lizards
  3 kobolds
  5 rats
48 creatures vanquished.

Notes
Turn   | Place    | Note
-------+----------+-------------------------------------------
     0 | D:1      | George the Minotaur Fighter began the quest for the Orb.
     0 | D:1      | Reached XP level 1. HP: 19/19 MP: 0/0
    24 | D:1      | Reached skill level 3 in Long Blades
    24 | D:1      | Reached XP level 2. HP: 6/26 MP: 1/1
   326 | D:1      | Reached skill level 4 in Long Blades
   557 | D:1      | Reached XP level 3. HP: 31/31 MP: 2/2
   975 | D:2      | Reached skill level 5 in Long Blades
  1000 | D:2      | Found a shimmering altar of Xom.
  1000 | D:2      | Found a shimmering altar of Xom.
  1000 | D:2      | Found a shimmering altar of Xom.
  1089 | D:2      | Found a blossoming altar of Fedhas.
  1157 | D:2      | Reached XP level 4. HP: 27/39 MP: 3/3
  1198 | D:2      | Found a glowing silver altar of Zin.
  1512 | D:3      | Noticed Natasha
  1521 | D:3      | Killed Natasha
  1521 | D:3      | Reached skill level 6 in Long Blades
  1522 | D:3      | Noticed an ogre
  1700 | D:3      | Demolished by an ogre

Vault maps used:
D:1:      onia_arrival_handbag, st_stairs_13, minmay_hexomino_c4
D:2:      old_standard_altar, zin_statuary, first_ration, xom_redecorated
D:3:      serial_glass, glass_columns_b, glass_columns_c, glass_columns_a,
          glass_columns_a, glass_columns_c, glass_columns_b, glass_columns_a,
          glass_columns_b, glass_columns_c, glass_columns_a, glass_columns_a,
          glass_columns_a, glass_columns_b, glass_columns_a, minmay_checkerbox,
          uniq_natasha

Skill      XL: |  1  2  3  4 |
---------------+-------------+-----
Long Blades    | 3 4 5 6 |  6.2
Fighting       | |  3.6
Armour         | |  3.6
Shields        | |  3.6

Action                   |  1- 3 |  4- 6 || total
-------------------------+-------+-------++-------
Melee: Long sword        |    97 |    38 ||   135
       Headbutt          |    12 |     5 ||    17
  Eat: Chunk             |     1 |     1 ||     2
Armor: Scale mail        |    48 |     9 ||    57
Dodge: Dodged            |    33 |     9 ||    42
Block: Shield            |    51 |    17 ||    68
       Rpst.: Long sword |     8 |     5 ||    13

Table legend:
 A = Non-vault XP
 B = Vault XP
 C = Vault XP percentage of total XP
 D = Non-vault monster count
 E = Vault monster count
 F = Vault count percentage of total count
                 A         B        C        D         E       F
            +---------+---------+-------+---------+---------+-------
      Total |     136 |      52 |  27.7 |      36 |      12 |  25.0
            +---------+---------+-------+---------+---------+-------
        D:1 |      41 |      17 |  29.3 |      12 |      11 |  47.8
        D:2 |      76 |       0 |   0.0 |      17 |       0 |   0.0
        D:3 |      19 |      35 |  64.8 |       7 |       1 |  12.5
            +---------+---------+-------+---------+---------+-------
